 Dungeon Crawl Stone Soup version 0.23-a0-650-ga4d50d4 (webtiles) character file.

30 Amnesiac the Digger (level 3, 14/14 HPs)
             Began as a Felid Earth Elementalist on Jan 5, 2019.
             Quit the game on level 3 of the Dungeon.
             The game lasted 00:02:43 (950 turns).

Amnesiac the Digger (Felid Earth Elementalist)       Turns: 950, Time: 00:02:44

Health: 14/14      AC:  1    Str:  4    XL:     3   Next: 3%
Magic:  8/8        EV: 18    Int: 17    God:
Gold:   0          SH:  0    Dex: 16    Spells: 0/7 levels left
                                        Lives:  0   Deaths: 1

rFire    . . .     SeeInvis +   (weapon unavailable)
rCold    . . .     Gourm    .   (shield unavailable)
rNeg     . . .     Faith    .   (armour unavailable)
rPois    .         Spirit   .   (helmet unavailable)
rElec    .         Reflect  .   (cloak unavailable)
rCorr    .         Harm     .   (gloves unavailable)
MR       .....                  (boots unavailable)
Stlth    +++.......             (no amulet)
HPRegen  0.04/turn              (no ring)
MPRegen  0.11/turn              (no ring)

@: quick
A: very small, no armour, no weapons or thrown items, stealth, claws 1, fangs 3,
see invisible, carnivore, speed 1, shaggy fur 1, slow metabolism 1, sharp paws
a: no special abilities


You were on level 3 of the Dungeon.
You were not hungry.

You visited 1 branch of the dungeon, and saw 3 of its levels.

Inventory:

Missiles
 b - 12 stones
Scrolls
 a - a scroll of enchant armour {!r, unknown}
 d - a scroll of noise {!r, unknown}
 e - 2 scrolls of remove curse {!r, unknown}
Potions
 g - a potion of curing {!q, unknown}
Comestibles
 c - a ration
 f - 2 chunks of flesh


   Skills:
 - Level 2.6 Dodging
 - Level 2.6 Stealth
 + Level 2.8 Spellcasting
 + Level 1.1 Transmutations
 * Level 4.0 Earth Magic


You couldn't memorise any spells.
You knew the following spells:

 Your Spells              Type           Power        Failure   Level  Hunger
a - Sandblast             Erth           ###...       3%          1    #......
b - Passwall              Tmut/Erth      ##......     10%         2    ##.....
e - Petrify               Tmut/Erth      ##......     52%         4    #####..

Your spell library contained the following spells:

 Spells                   Type           Power        Failure   Level  Hunger
 Stone Arrow              Conj/Erth      #.....       24%         3    ###....
 Lee's Rapid Deconstruct  Erth           ###.......   67%         5    ######.


Dungeon Overview and Level Annotations

Branches:
Dungeon (3/15)

Altars:


Innate Abilities, Weirdness & Mutations

You cannot wear armour.
You are incapable of wielding weapons or throwing items.
Your paws allow you to move quietly. (Stealth)
You have sharp claws.
You have razor-sharp teeth.
You have supernaturally acute eyesight. (SInv)
You are carnivorous and can eat meat at any time.
You cover ground quickly.
You are covered in fur. (AC +1)
You have a slow metabolism.
Your sharp claws are effective at attacking unaware monsters.


Message History

You scratch the adder.
The adder is moderately wounded.
The adder misses you. The adder bites you but does no damage.
Casting: Sandblast (safe; 3% risk of failure)
Confirm with . or Enter, or press ? or * to list all spells.
Aiming: Sandblast (safe; 3% risk of failure)
Press: ? - help, Shift-Dir - straight line, f - adder
Aim: an adder (moderately wounded)
The blast of sand hits the adder.
The adder is almost dead.
b - 14 stones The adder misses you.
Casting: Sandblast (safe; 3% risk of failure)
Confirm with . or Enter, or press ? or * to list all spells.
Aiming: Sandblast (safe; 3% risk of failure)
Press: ? - help, Shift-Dir - straight line, f/p - adder
Aim: an adder (almost dead)
The blast of sand hits the adder.
You kill the adder!
Your Earth Magic skill increases to level 4!
You have reached level 4!
Extra life!
b - 13 stones You start resting.
Magic restored.
Memorise Passwall, consuming 2 spell levels and leaving 5?
You start memorising the spell.
You continue memorising. x2
You finish memorising.
Spell assigned to 'b'.
This spell is very dangerous to cast!
Memorise Petrify, consuming 4 spell levels and leaving 1?
You start memorising the spell.
You continue memorising. x4
You finish memorising.
Spell assigned to 'e'.
You see here a black potion {!q}.
You barely miss the orc. The orc barely misses you.
You scratch the orc but do no damage. The orc closely misses you.
Casting: Sandblast (safe; 3% risk of failure)
Confirm with . or Enter, or press ? or * to list all spells.
Aiming: Sandblast (safe; 3% risk of failure)
Press: ? - help, Shift-Dir - straight line, f - orc
Aim: an orc, wielding a +0 falchion The blast of sand hits the orc.
You kill the orc!
b - 12 stones
Things that are here:
a +0 falchion; an orc corpse You butcher the orc corpse.
f - 2 chunks of flesh
Things that are here:
a +0 falchion; an orc skeleton You barely miss the goblin.
The goblin hits you with a +1 dagger of electrocution.
You are electrocuted!
Ouch! That really hurt!
You die...
You are now level 3!
You rejoin the land of the living...
Found 18 stones.
You aren't carrying any pieces of jewellery.
Unknown command.
Unknown command.
You can't grasp things well enough to throw them.
Unknown command.
Are you sure you want to abandon this character and quit the game? (Confirm

#########
.......@#
#######.#
#.# #.#
#(# #.#
#.# #.#


There were no monsters in sight!

Vanquished Creatures
  A hound (D:2)
  An adder (D:3)
  An ooze (D:1)
  A dart slug (D:2)
  2 orcs
  3 bats
  2 giant cockroaches
  2 goblins
  2 hobgoblins
  2 ball pythons (D:1)
  4 kobolds
  3 rats (D:1)
24 creatures vanquished.

Notes
Turn   | Place    | Note
-------+----------+-------------------------------------------
     0 | D:1      | Amnesiac the Felid Earth Elementalist began the quest for
                  | the Orb.
     0 | D:1      | Reached XP level 1. HP: 7/7 MP: 4/4
   184 | D:2      | Reached skill level 3 in Earth Magic
   188 | D:2      | Reached XP level 2. HP: 5/11 MP: 4/6
   610 | D:2      | Reached XP level 3. HP: 12/14 MP: 0/8
   907 | D:3      | Reached skill level 4 in Earth Magic
   907 | D:3      | Reached XP level 4. HP: 18/18 MP: 6/9
   918 | D:3      | Learned a level 2 spell: Passwall
   923 | D:3      | Learned a level 4 spell: Petrify
   949 | D:3      | Slain by a goblin
   950 | D:3      | Reached XP level 3. HP: -1/14 MP: 8/8
   950 | D:3      | Quit the game

Vault maps used:
D:1:      onia_arrival_handbag, kennysheep_another_room
D:2:      grunt_gozag_breadcrumbs, uniq_sigmund
D:3:      kennysheep_vampire_church, first_ration, dk_yredelemnul_ordeal,
          uniq_natasha, uniq_robin, uniq_jessica

Skill      XL: |  1  2  3 |
---------------+----------+-----
Earth Magic    | 3 4 |  4.0
Dodging        | |  2.6
Stealth        | |  2.6
Spellcasting   | |  2.8
Transmutations | |  1.1

Action                   |  1- 3 |  4- 6 || total
-------------------------+-------+-------++-------
Melee: Unarmed           |    39 |     3 ||    42
       Bite              |     4 |       ||     4
 Cast: Sandblast         |    20 |     2 ||    22
 Stab: Sleeping          |     7 |       ||     7
  Eat: Chunk             |     8 |       ||     8
Armor: Skin              |     7 |       ||     7
Dodge: Dodged            |    47 |     2 ||    49

Table legend:
 A = Non-vault XP
 B = Vault XP
 C = Vault XP percentage of total XP
 D = Non-vault monster count
 E = Vault monster count
 F = Vault count percentage of total count
                 A         B        C        D         E       F
            +---------+---------+-------+---------+---------+-------
      Total |      92 |      10 |   9.8 |      20 |       4 |  16.7
            +---------+---------+-------+---------+---------+-------
        D:1 |      16 |      10 |  38.5 |      10 |       4 |  28.6
        D:2 |      59 |       0 |   0.0 |       8 |       0 |   0.0
        D:3 |      17 |       0 |   0.0 |       2 |       0 |   0.0
            +---------+---------+-------+---------+---------+-------
